 Dungeon Crawl Stone Soup version 0.31-a0-190-g4feb4907b2 (webtiles) character file.

Game seed: 8883502547644133688

131 qw the Skirmisher (level 4, -2/25 HPs)
             Began as a Deep Elf Hunter on June 23, 2023.
             Slain by Pikel
             ... wielding a +2 whip of flaming
              (5 damage)
             ... on level 4 of the Dungeon.
             The game lasted 00:00:42 (2329 turns).

qw the Skirmisher (Deep Elf Hunter)                 Turns: 2329, Time: 00:00:42

Health: -2/25      AC:  4    Str: 10    XL:     4   Next: 91%
Magic:  6/6        EV: 12    Int: 14    God:
Gold:   193        SH:  0    Dex: 18    Spells: 3/3 levels left

rFire   . . .        Y - +0 shortbow
rCold   . . .        (shield currently unavailable)
rNeg    . . .        c - +0 leather armour
rPois   .            (no helmet)
rElec   .            h - +0 cloak
rCorr   .            (no gloves)
SInv    .            (no boots)
Will    .....        (no amulet)
Stlth   ++           (no ring)
HPRegen 0.24/turn    (no ring)
MPRegen 0.10/turn

%: no passive effects
@: no status effects
A: no striking features
a: no special abilities


You were on level 4 of the Dungeon.
You visited 1 branch of the dungeon, and saw 4 of its levels.

You collected 193 gold pieces.


   Skills:
 - Level 1.5 Fighting
 + Level 8.3 Ranged Weapons
 - Level 2.4 Dodging
 - Level 1.2 Stealth


You had 3 spell levels left.
You didn't know any spells.
Your spell library was empty.

Inventory:

Hand Weapons
 Y - a +0 shortbow (weapon)
Armour
 c - a +0 leather armour (worn)
 h - a +0 cloak (worn)
 i - a +0 ring mail
Scrolls
 e - a scroll of amnesia {unknown}
Potions
 a - a potion of resistance {unknown}
 b - a potion of attraction {unknown}
 d - a potion of lignification {unknown}
 f - a potion of curing {unknown}
 g - 2 potions of haste

Dungeon Overview and Level Annotations

Branches:
Dungeon (4/15)
 Temple: D:4-7

Altars:
Cheibriados
Dithmenos
Fedhas
Gozag
Qazlal
Sif Muna
Vehumet

Annotations:
D:4 Pikel


Message History

You shoot an arrow. The arrow misses the lemure.
The kobold shouts!
The arrow hits the lemure but does no damage.
You hear a shout!
A lemure comes into view.
You shoot an arrow. The arrow closely misses the lemure.
The arrow barely misses the lemure.
You shoot an arrow. The arrow barely misses the lemure.
The arrow hits the lemure!
The lemure is moderately wounded.
The lemure completely misses you.
You shoot an arrow. The arrow barely misses the lemure.
The arrow hits Pikel but does no damage.
The lemure hits you. The lemure barely misses you.
You shoot an arrow. The arrow hits the lemure!
The lemure is almost dead.
The lemure barely misses you. The lemure hits you.
You shoot an arrow.
The arrow hits the lemure but does no damage.
The lemure is almost dead.
The lemure barely misses you.
You shoot an arrow. The arrow barely misses the lemure.
The arrow hits the lemure but does no damage.
The lemure hits you.
You shoot an arrow.
The arrow hits the lemure but does no damage.
The lemure is moderately wounded.
The lemure hits you!
Pikel hits you with a +2 whip of flaming.
Pikel burns you.
You shoot an arrow. The arrow barely misses the lemure.
The arrow hits the kobold.
You kill the kobold!
The lemure hits you. Pikel closely misses you.
You shoot an arrow. The arrow closely misses the lemure.
The lemure misses you. Pikel closely misses you.
You shoot an arrow. The arrow barely misses the lemure.
The lemure misses you.
Pikel hits you with a +2 whip of flaming.
You die...

~~~~~~~............#........#
~~~~~~~............#........#
P~~~~P..P..........#........#
..~~...............#........#
...P...PP..........#######.##
...... #######.##### .#..#
#.# #.######### #..@K5.....
#.##55..... ### 5).....
....... ....... .......
.[..... ....###


You could see Pikel and 4 lemures.

Vanquished Creatures
  A jelly (D:4)
  A hound (D:4)
  An adder (D:4)
  2 dart slugs (D:1)
  6 orcs (D:4)
  4 bats (D:1)
  3 endoplasms
  2 giant cockroaches
  4 goblins
  6 hobgoblins
  3 quokkas
  4 ball pythons
  3 frilled lizards
  4 kobolds
  4 rats
48 creatures vanquished.

Notes
Turn   | Place    | Note
-------+----------+-------------------------------------------
     0 | D:1      | qw the Deep Elf Hunter began the quest for the Orb.
     0 | D:1      | Reached XP level 1. HP: 12/12 MP: 3/3
     0 | D:1      | 0 ||| qw: Version: 0.3-a-9-g12657ce
     0 | D:1      | 0 ||| qw: Game counter: 4533
     0 | D:1      | 0 ||| qw: Always use a shield: true
     0 | D:1      | 0 ||| qw: God list: Okawaru
     0 | D:1      | 0 ||| qw: Allow faded altars: false
     0 | D:1      | 0 ||| qw: Do Orc after D:15 true
     0 | D:1      | 0 ||| qw: Do second Lair branch before Depths: true
     0 | D:1      | 0 ||| qw: Lair rune preference: random
     0 | D:1      | 0 ||| qw: Plans: Normal
     0 | D:1      | 0 ||| PLANNING D:1-11
    58 | D:1      | Found a faded altar of an unknown god.
   111 | D:1      | Reached skill level 6 in Ranged Weapons
   111 | D:1      | Reached XP level 2. HP: 16/16 MP: 4/4
   512 | D:1      | 512 ||| UPGRADING to +0 cloak.
   517 | D:1      | 517 ||| READING scroll labelled DIYBBO OWNAYFF.
   522 | D:1      | 522 ||| READING scroll labelled NAOTOSOQYP.
   523 | D:1      | 523 ||| READING scroll labelled CAJUWURHUOFUA.
   524 | D:1      | 524 ||| DRINKING 2 viscous emerald potions.
   525 | D:1      | 525 ||| DROPPING scroll of butterflies.
   794 | D:2      | Reached XP level 3. HP: 20/20 MP: 5/5
  1114 | D:2      | 1114 ||| READING scroll labelled NEEKAT MUNEQO.
  1348 | D:3      | Found a blossoming altar of Fedhas.
  1354 | D:3      | Found a shadowy altar of Dithmenos.
  1355 | D:3      | Found a shimmering blue altar of Sif Muna.
  1357 | D:3      | Found a snail-covered altar of Cheibriados.
  1357 | D:3      | Found an opulent altar of Gozag.
  1358 | D:3      | Found a stormy altar of Qazlal.
  1360 | D:3      | Found a radiant altar of Vehumet.
  1927 | D:3      | 1927 ||| READING scroll labelled WETREN INTUTUPLO.
  1957 | D:4      | Reached skill level 7 in Ranged Weapons
  2009 | D:4      | Identified the +0 chain mail of Ronaim {rN+ Int-3 Dex+3}
  2091 | D:4      | Reached XP level 4. HP: 22/25 MP: 6/6
  2277 | D:4      | Reached skill level 8 in Ranged Weapons
  2315 | D:4      | Noticed a lemure
  2315 | D:4      | Noticed a lemure
  2316 | D:4      | Noticed a lemure
  2318 | D:4      | Noticed Pikel
  2319 | D:4      | Noticed a lemure
  2326 | D:4      | HP: 4/25 [Pikel/+2 whip of flaming (4)]
  2329 | D:4      | Slain by Pikel

Levels and vault maps discovered:
D:1:      lemuel_arrival_cross, layout_basic, serial_aquarium,
          aquarium_bridge_straight [aquarium_subvault_bridge,
          aquarium_subvault_balcony, aquarium_subvault_bridge,
          aquarium_subvault_wall], aquarium_window_fake, aquarium_window_fake,
          aquarium_window_3, aquarium_view_2c, aquarium_balcony_3b,
          chequers_ecumenical_altar_twisty
D:2:      layout_loops_ring
D:3:      layout_loops_cross, nicolae_overflow_hallway_of_the_gods,
          serial_bayou_pond_d
D:4:      layout_basic, good_gods_temple_1, serial_shops, shop,
          dk_noncrumbling_3, guppyfry_early_lair_pool, uniq_pikel,
          uniq_eustachio, uniq_robin

Skill      XL: |  1  2  3  4 |
---------------+-------------+-----
Ranged Weapons | 6 7 8 |  8.3
Fighting       | |  1.5
Dodging        | |  2.4
Stealth        | |  1.2

Action                     |  1- 3 |  4- 6 || total
---------------------------+-------+-------++-------
   Fire: Shortbow          |   100 |    35 ||   135
    Use: Scroll            |     5 |       ||     5
         Potion            |     1 |       ||     1
 Armour: Leather armour    |     6 |     3 ||     9
  Dodge: Dodged            |    21 |    17 ||    38

Table legend:
 A = Non-vault XP
 B = Vault XP
 C = Vault XP percentage of total XP
 D = Non-vault monster count
 E = Vault monster count
 F = Vault count percentage of total count
                 A         B        C        D         E       F
            +---------+---------+-------+---------+---------+-------
      Total |     188 |       0 |   0.0 |      48 |       0 |   0.0
            +---------+---------+-------+---------+---------+-------
        D:1 |      34 |       0 |   0.0 |      17 |       0 |   0.0
        D:2 |      15 |       0 |   0.0 |      11 |       0 |   0.0
        D:3 |      13 |       0 |   0.0 |       7 |       0 |   0.0
        D:4 |     126 |       0 |   0.0 |      13 |       0 |   0.0
            +---------+---------+-------+---------+---------+-------
